 Dungeon Crawl Stone Soup version 0.30.0-3-ga4e48a9924 (console) character file.

Game seed: 16086751532747143874

7 jejorda2 the Cutter (level 2, -2/16 HPs)
             Began as a Vine Stalker Berserker on May 7, 2023.
             Was a Follower of Trog.
             Succumbed to a goblin's poison
             ... on level 1 of the Dungeon.
             The game lasted 00:01:19 (195 turns).

jejorda2 the Cutter (Vine Stalker Berserker)         Turns: 195, Time: 00:01:20

Health: -2/16      AC:  2    Str: 19    XL:     2   Next: 4%
Magic:  2/3        EV: 12    Int:  7    God:    Trog [*.....]
Gold:   32         SH:  0    Dex: 13    Spells: 1/1 levels left

rFire   . . .        a - +0 dagger
rCold   . . .        (no shield)
rNeg    . . .        b - +0 animal skin
rPois   .            (no helmet)
rElec   .            (no cloak)
rCorr   .            (no gloves)
SInv    .            (no boots)
Will    .....        (no amulet)
Stlth   +            (no ring)
HPRegen 0.22/turn    (no ring)
MPRegen 0.08/turn

%: guardian spirit
@: lethally poisoned (-2 -> -27)
A: fangs 2, magic shield, antimagic bite, no potion heal 2
a: Renounce Religion, Berserk


You were on level 1 of the Dungeon.
You worshipped Trog.
Trog was aware of your devotion.
You visited 1 branch of the dungeon, and saw 1 of its levels.

You collected 32 gold pieces.

Inventory:

Hand Weapons
 a - a +0 dagger (weapon)
 e - a +0 short sword
Armour
 b - a +0 animal skin (worn)
Scrolls
 c - a scroll of identify {unknown}
Potions
 d - a potion of curing {unknown}


   Skills:
 + Level 2.8 Fighting
 * Level 3.0 Short Blades
 - Level 1.5 Armour
 - Level 1.5 Dodging


You had one spell level left.
You didn't know any spells.
Your spell library was empty.

Dungeon Overview and Level Annotations

Branches:
Dungeon (1/15)

Altars:


Innate Abilities, Weirdness & Mutations

You have extremely sharp teeth.
When hurt, damage is shared between your health and your magic reserves.
Your bite disrupts and absorbs the magic of your enemies.
Potions cannot restore your health.


Message History

Trog accepts your kill.
Your Short Blades skill increases to level 3!
Items here: ) †.
The goblin hits you with a +0 dagger.
You hit the goblin but do no damage. Your bite misses the goblin.
The goblin hits you with a +0 dagger.
You hit the goblin.
You kill the goblin!
Trog accepts your kill.
You have reached level 2!
Press: ? - help, v - describe, . - travel, g - get item
Items here: ) †.
The floor.
Items here: ) †.
e - a +0 dagger
e - a +0 dagger (weapon)
Adjust (i)tems, (s)pells, or (a)bilities?
e - a +0 dagger (weapon)
Adjust to which letter? (? for menu, Esc to quit)
a - a +0 dagger (weapon);
e - a +0 short sword Magic restored.
A frilled lizard comes into view.
A goblin comes into view. It is wielding a +2 dagger of venom.
The frilled lizard hisses angrily.
The goblin shouts!
You barely miss the goblin.
The goblin hits you with a +2 dagger of venom.
You are poisoned.
You miss the goblin.
You feel very sick.
The goblin hits you with a +2 dagger of venom.
You are more poisoned.
You fail to use your ability.
* * * LOW HITPOINT WARNING * * *
You feel very sick. The goblin hits you but does no damage.
You are more poisoned.
You barely miss the goblin. You bite the goblin.
You kill the goblin!
Trog accepts your kill.
You die...

#.# . #.. #.# #.#.#
#.# #.#.# #.# #.#.#
#.# .... #.# .l# #.#
#)# ###### #.#
######@#####....#.#.#
.................+.#.#
#########..##....#.#.#
...!...........+.#.#
########.##....#.#.#
....#...†#.#.#
...#.......#.#.#
#....##.##..)#...#
#### #.####.#...#


You could see a frilled lizard.

Vanquished Creatures
  An endoplasm (D:1)
  A giant cockroach (D:1)
  3 goblins (D:1)
  2 bats (D:1)
7 creatures vanquished.

Notes
Turn   | Place    | Note
-------+----------+-------------------------------------------
     0 | D:1      | jejorda2 the Vine Stalker Berserker began the quest for the
                  | Orb.
     0 | D:1      | Reached XP level 1. HP: 11/11 MP: 2/2
   150 | D:1      | Reached skill level 3 in Short Blades
   154 | D:1      | Reached XP level 2. HP: 9/16 MP: 1/3
   195 | D:1      | Succumbed to a goblin's poison

Illustrated notes

Levels and vault maps discovered:
D:1:      dpeg_arrival_tiny_f, layout_basic

Skill      XL: |  1 |
---------------+----+-----
Short Blades   | 3 |  3.0
Fighting       | |  2.8
Armour         | |  1.5
Dodging        | |  1.5

Action                     || total
---------------------------++-------
  Melee: Short sword       ||    20
         Bite              ||     5
         Dagger            ||     3
 Armour: Animal skin       ||     8
  Dodge: Dodged            ||    11
